 Dungeon Crawl Stone Soup version 0.20.0-15-g7f486f2 (webtiles) character file.

10007 asdasd2 the Cleaver (level 11, -3/104 HPs)
             Began as a Minotaur Fighter on June 20, 2017.
             Was an Elder of Okawaru.
             Slain by a red ugly thing (13 damage)
             ... on level 11 of the Dungeon.
             The game lasted 00:22:22 (13843 turns).

asdasd2 the Cleaver (Minotaur Fighter)             Turns: 13843, Time: 00:22:23

Health: -3/104     AC: 22    Str: 25    XL:     11   Next: 30%
Magic:  19/19      EV:  8    Int:  5    God:    Okawaru [****..]
Gold:   564        SH:  0    Dex:  9    Spells: 10/10 levels left

rFire    . . .     SeeInvis .   v - +0 hand axe
rCold    . . .     Gourm    +   (no shield)
rNeg     . . .     Faith    .   L - +0 plate armour
rPois    .         Spirit   .   (helmet restricted)
rElec    .         Reflect  .   E - +0 cloak
rCorr    +         Harm     .   b - +2 pair of gloves {archery}
MR       .....                  y - +1 pair of boots
Stlth    ..........             n - amulet of the gourmand
Regen    0.3/turn               w - ring of magical power
MPRegen  0.2/turn               D - ring of resist corrosion

@: drained
A: retaliatory headbutt, horns 2
a: Heroism, Renounce Religion


You were on level 11 of the Dungeon.
You worshipped Okawaru.
Okawaru was greatly pleased with you.
You were not hungry.

You visited 2 branches of the dungeon, and saw 13 of its levels.
You also visited: Sewer.

You collected 696 gold pieces.
You spent 132 gold pieces at shops.

Inventory:

Hand Weapons
 a - a +1 war axe
 v - a +0 hand axe (weapon)
Armour
 b - a +2 pair of gloves of archery (worn)
 y - a +1 pair of boots (worn)
 E - a +0 cloak (worn)
 L - a +0 plate armour (worn)
Jewellery
 j - an uncursed amulet of guardian spirit {unknown}
 n - an amulet of the gourmand (around neck)
 r - a +4 ring of evasion {unknown}
 w - a ring of magical power (left hand)
 D - a ring of resist corrosion (right hand)
 J - an uncursed ring of poison resistance {unknown}
 K - an uncursed ring of protection from cold {unknown}
 N - a +4 ring of strength {unknown}
 O - an uncursed ring of wizardry {unknown}
Wands
 g - a wand of lightning (7/15)
 p - a wand of random effects (29/48)
 A - a wand of random effects (29/48)
 C - a wand of random effects (23/48)
 F - a wand of polymorph (5/24)
 Q - a wand of scattershot (4/9)
Scrolls
 c - 4 scrolls of recharging
 d - 2 scrolls of magic mapping
 s - 2 scrolls of enchant weapon
 t - 8 scrolls of remove curse
 B - a scroll of teleportation
 G - a scroll of fog
 H - a scroll of immolation {unknown}
 I - 2 scrolls of amnesia {unknown}
 P - 2 scrolls of identify
 R - a scroll of fear
 S - a scroll of enchant armour
Potions
 e - 4 potions of agility
 h - 3 potions of flight
 i - a potion of heal wounds
 k - 5 potions of mutation
 l - 4 potions of cancellation
 m - 2 potions of resistance
 o - 2 potions of brilliance
 u - a potion of ambrosia
 z - a potion of magic
Comestibles
 f - 9 bread rations
 q - 3 meat rations


   Skills:
 * Level 12.3(11.4) Fighting
 + Level 12.9(12.1) Axes
 + Level 11.3(10.5) Armour
 + Level 3.9(3.2) Dodging
   Level 3.6(2.9) Shields
 + Level 0.2(0.0) Invocations


You had 10 spell levels left.
You didn't know any spells.

Dungeon Overview and Level Annotations

Branches:
Dungeon (12/15)            Temple (1/1) D:5             Orc (0/2) D:10
   Lair: D:8-11

Altars:
Ashenzari
Cheibriados
Dithmenos
Elyvilon
Fedhas
Gozag
Hepliaklqana
Kikubaaqudgha
Makhleb
Nemelex Xobeh
Okawaru
Qazlal
Ru
Sif Muna
Trog
Uskayaw
Vehumet
Xom
Yredelemnul
Zin
The Shining One

Shops:
D:5 ?

Annotations:
D:11 Nergalle; mcbry's ghost, journeyman TrCK


Innate Abilities, Weirdness & Mutations

You reflexively headbutt those who attack you in melee.
You have a pair of horns on your head.


Message History

Your plate armour prevents you from hitting the red ugly thing.
The red ugly thing is severely wounded.
You barely miss the red ugly thing.
The red ugly thing is severely wounded.
The red ugly thing bites you but does no damage.
You slash the red ugly thing!
The red ugly thing is severely wounded.
The red ugly thing bites you but does no damage.
You hit the red ugly thing but do no damage.
The red ugly thing is severely wounded.
You closely miss the red ugly thing.
Your headbutt misses the red ugly thing.
The red ugly thing is severely wounded.
The red ugly thing bites you but does no damage.
You hit the red ugly thing.
The red ugly thing is almost dead.
The red ugly thing bites you.
* * * LOW HITPOINT WARNING * * *
You are engulfed in flames!
You die...

#.#.######..##.......# #.# #.#..
.#...<......##...########.# #.#..
#...#######.##...# #.....# #.#..
##.## #.##...####.###.# #.# .
##.# #.##........# #.# #.# . .#.#
#.##..#####.###.# #.# #
.#.########.##..#####.....# #.# #
.#..........##..........#.###.###
................@u.....###.......
###############.#######.#.#######
#.# #...# #.#######.#.#
#...........# #########.#########
#.......... ###########


You could see a red ugly thing.

Vanquished Creatures
  2 two-headed ogres
  An unseen horror (D:10)
  A deep elf mage (D:12)
  A cyclops (D:12)
  A troll (D:9)
  A hippogriff (D:8)
  2 wyverns
  A spriggan (D:7)
  A shadow (D:8)
  Grum (D:11)
  A hungry ghost (D:10)
  Menkaure (D:7)
  2 water moccasins
  Duvessa (D:6)
  7 orc warriors
  4 black bears
  3 sky beasts
  An ice beast (D:9)
  4 phantoms
  6 ogres
  3 wolves (D:11)
  3 centaurs
  2 big kobolds
  5 bullfrogs
  Blork the orc (D:6)
  Dowan (D:6)
  4 troll zombies (D:10)
  3 scorpions
  4 killer bees (D:12)
  A howler monkey (D:5)
  3 wights (D:10)
  A centaur zombie (D:6)
  2 bullfrog zombies
  3 crimson imps
  4 hounds
  5 orc priests
  Crazy Yiuf (D:6)
  3 bullfrog skeletons
  Terence (D:3)
  7 iguanas
  11 orc wizards
  5 worker ants
  2 ogre zombies (D:10)
  2 worker ant zombies (D:11)
  Robin (D:2)
  17 adders
  9 gnolls (D:6)
  5 oozes
  4 adder skeletons
  4 worms
  3 dart slugs
  8 leopard geckos
  42 orcs
  3 ball pythons
  15 giant cockroaches
  2 gnoll zombies (D:2)
  20 goblins
  10 hobgoblins
  15 jackals
  23 kobolds
  5 quokkas
  A ball python skeleton (D:5)
  8 bats
  10 frilled lizards
  2 goblin skeletons (D:10)
  A goblin zombie (D:10)
  2 hobgoblin skeletons (D:10)
  A hobgoblin zombie (D:10)
  A leopard gecko skeleton (D:7)
  3 orc skeletons (D:10)
  10 orc zombies (D:10)
  A quokka skeleton (D:4)
  18 rats
363 creatures vanquished.

Vanquished Creatures (others)
  5 dream sheep (D:5)
5 creatures vanquished.

Grand Total: 368 creatures vanquished

Notes
Turn   | Place    | Note
-------+----------+-------------------------------------------
     0 | D:1      | asdasd2 the Minotaur Fighter began the quest for the Orb.
     0 | D:1      | Reached XP level 1. HP: 19/19 MP: 0/0
   134 | D:1      | Reached XP level 2. HP: 27/27 MP: 1/1
   275 | D:1      | Reached XP level 3. HP: 34/34 MP: 2/2
  1085 | D:2      | Found a faded altar of an unknown god.
  1111 | D:2      | Noticed Robin
  1113 | D:2      | Reached XP level 4. HP: 35/41 MP: 3/3
  1119 | D:2      | Killed Robin
  1448 | D:2      | Found a shimmering altar of Xom.
  1530 | D:2      | Noticed a moth of wrath
  1533 | D:2      | Found a bloodstained altar of Trog.
  1636 | D:2      | Found a basalt altar of Yredelemnul.
  1704 | D:2      | Found a hide-covered altar of Uskayaw.
  1708 | D:2      | Reached skill level 5 in Fighting
  1720 | D:2      | Reached skill level 1 in Dodging
  1970 | D:3      | Reached XP level 5. HP: 44/48 MP: 4/4
  2191 | D:3      | Found a sacrificial altar of Ru.
  2249 | D:3      | Noticed Terence
  2255 | D:3      | Killed Terence
  2517 | D:3      | Found an ancient bone altar of Kikubaaqudgha.
  2861 | D:4      | Reached skill level 5 in Axes
  2861 | D:4      | Reached XP level 6. HP: 47/56 MP: 5/5
  3010 | D:4      | Reached skill level 5 in Armour
  3237 | D:4      | Found a glowing drain.
  3262 | Sewer    | Entered a sewer
  3657 | Sewer    | Reached XP level 7. HP: 36/64 MP: 6/6
  4483 | D:5      | Entered Level 5 of the Dungeon
  4572 | D:5      | Found a hazy altar of Hepliaklqana.
  5101 | D:5      | Found a staircase to the Ecumenical Temple.
  5107 | D:5      | Reached XP level 8. HP: 48/73 MP: 7/7
  5125 | Temple   | Entered the Ecumenical Temple
  5607 | D:5      | Found Muell's Magic Scroll Shoppe.
  5616 | D:5      | Bought a scroll of identify for 24 gold pieces
  5616 | D:5      | Bought a scroll of identify for 24 gold pieces
  5616 | D:5      | Bought a scroll of identify for 24 gold pieces
  5616 | D:5      | Bought a scroll of identify for 24 gold pieces
  5616 | D:5      | Bought a scroll of teleportation for 36 gold pieces
  5812 | D:5      | Found a glowing golden altar of the Shining One.
  5830 | D:5      | Found a shimmering altar of Xom.
  5830 | D:5      | Noticed a dream sheep
  5830 | D:5      | Noticed a dream sheep
  5830 | D:5      | Noticed a dream sheep
  5830 | D:5      | Noticed a dream sheep
  5830 | D:5      | Noticed a dream sheep
  5835 | D:5      | Killed a dream sheep
  5836 | D:5      | Killed a dream sheep
  5836 | D:5      | Killed a dream sheep
  5837 | D:5      | Killed a dream sheep
  5837 | D:5      | Killed a dream sheep
  6657 | D:6      | Noticed Duvessa
  6657 | D:6      | Noticed Dowan
  6680 | D:6      | Killed Duvessa
  6690 | D:6      | Killed Dowan
  6743 | D:6      | Noticed Blork the orc
  6767 | D:6      | Killed Blork the orc
  6828 | D:6      | Identified a scroll of acquirement
  6846 | D:6      | Reached XP level 9. HP: 69/82 MP: 8/8
  6854 | D:6      | Found an iron altar of Okawaru.
  6865 | D:6      | Became a worshipper of Warmaster Okawaru
  6904 | D:6      | Found a runed door.
  7122 | D:6      | Noticed Crazy Yiuf
  7126 | D:6      | Killed Crazy Yiuf
  7409 | D:7      | Noticed Menkaure
  7418 | D:7      | Killed Menkaure
  8133 | D:7      | Reached skill level 10 in Axes
  8267 | D:7      | Found a shadowy altar of Dithmenos.
  8370 | D:7      | Reached * piety under Okawaru
  8695 | D:8      | Found a sparkling altar of Nemelex Xobeh.
  8766 | D:8      | Found a stormy altar of Qazlal.
  8933 | D:8      | Reached ** piety under Okawaru
  9125 | D:8      | Reached skill level 10 in Fighting
  9125 | D:8      | Reached XP level 10. HP: 76/93 MP: 9/9
  9422 | D:9      | Noticed a two-headed ogre
  9432 | D:9      | Killed a two-headed ogre
  9432 | D:9      | Reached skill level 10 in Armour
  9592 | D:9      | Found a shattered altar of Ashenzari.
  9913 | D:9      | Reached *** piety under Okawaru
 10251 | D:9      | Found an iron altar of Okawaru.
 10282 | D:10     | Entered Level 10 of the Dungeon
 10377 | D:10     | Found a staircase to the Orcish Mines.
 10413 | D:10     | Noticed a two-headed ogre
 10427 | D:10     | Killed a two-headed ogre
 10501 | D:10     | Killed an unseen horror
 10501 | D:10     | Reached **** piety under Okawaru
 11099 | D:10     | Reached XP level 11. HP: 92/102 MP: 10/10
 11739 | D:11     | Noticed Nergalle
 12241 | D:11     | Noticed Grum
 12294 | D:11     | Killed Grum
 12696 | D:11     | Noticed mcbry's ghost (journeyman TrCK)
 13074 | D:12     | Noticed a deep elf mage
 13118 | D:12     | Killed a deep elf mage
 13751 | D:12     | Noticed a green ugly thing
 13815 | D:11     | Noticed a red ugly thing
 13843 | D:11     | Slain by a red ugly thing

Skill      XL: |  1  2  3  4  5  6  7  8  9 10 11 |
---------------+----------------------------------+-----
Fighting       | 4 5 6 7 8 10 11 12 | 12.3
Axes           | 3 4 5 6 7 9 10 12 | 12.9
Armour         | 4 5 6 7 9 10 11 | 11.3
Dodging        | 1 2 3 |  3.9
Shields        | |  3.6
Invocations    | |  0.2

Action                   |  1- 3 |  4- 6 |  7- 9 | 10-12 || total
-------------------------+-------+-------+-------+-------++-------
Melee: War axe           |    97 |   132 |       |       ||   229
       Headbutt          |    10 |    32 |    96 |   126 ||   264
       Hand axe          |       |   124 |   516 |   549 ||  1189
       Punch             |       |       |       |     3 ||     3
Invok: Heroism           |       |       |       |     5 ||     5
  Use: Scroll            |     4 |     4 |    12 |     1 ||    21
       Potion            |       |     2 |       |     5 ||     7
 Stab: Distracted        |       |       |     1 |       ||     1
  Eat: Chunk             |       |     9 |    19 |     5 ||    33
       Royal jelly       |       |       |       |     3 ||     3
       Bread ration      |       |       |       |     2 ||     2
       Fruit             |       |       |       |     1 ||     1
Armor: Scale mail        |    62 |   116 |    81 |       ||   259
       Chain mail        |       |       |    88 |       ||    88
       Plate armour      |       |       |    59 |   328 ||   387
Dodge: Dodged            |    55 |   165 |   199 |   195 ||   614
